 Dungeon Crawl Stone Soup version 0.30-b1-2-g02819fbbbe (webtiles) character file.

Game seed: 13892077326003483061

142 lorenzova the Conjurer (level 5, -2/28 HPs)
             Began as a Deep Elf Conjurer on May 20, 2023.
             Succumbed to a gnoll bouda's poison
             ... on level 4 of the Dungeon.
             The game lasted 00:05:17 (3506 turns).

lorenzova the Conjurer (Deep Elf Conjurer)          Turns: 3506, Time: 00:05:17

Health: -2/28      AC:  2    Str:  4    XL:     5   Next: 4%
Magic:  1/14       EV: 12    Int: 25    God:
Gold:   194        SH:  0    Dex: 13    Spells: 11/14 levels left

rFire   + . .        (no weapon)
rCold   . . .        (no shield)
rNeg    . . .        a - +0 robe
rPois   .            (no helmet)
rElec   .            (no cloak)
rCorr   .            (no gloves)
SInv    .            (no boots)
Will    .....        (no amulet)
Stlth   ++           g - ring of protection from fire
HPRegen 0.24/turn    (no ring)
MPRegen 0.14/turn

%: no passive effects
@: lethally poisoned (-2 -> -21), about to teleport, weakened
A: no striking features
a: no special abilities


You were on level 4 of the Dungeon.
You visited 1 branch of the dungeon, and saw 4 of its levels.

You collected 194 gold pieces.

Inventory:

Armour
 a - a +0 robe (worn)
Jewellery
 g - a ring of protection from fire (left hand)
 q - a ring of fire
Wands
 o - a wand of paralysis (5)
Scrolls
 c - 2 scrolls of teleportation
 d - a scroll of immolation {unknown}
 f - a scroll of enchant weapon {unknown}
 h - a scroll of identify
 m - a scroll of blinking
 n - a scroll of vulnerability {unknown}
 p - a scroll of fog
 r - a scroll of torment {unknown}
 t - a scroll of silence {unknown}
Potions
 b - 2 potions of magic
 e - a potion of brilliance {unknown}
 i - a potion of haste {unknown}
 j - 2 potions of might
 k - 2 potions of heal wounds
 l - a potion of flight
 s - 2 potions of curing
 u - a potion of resistance {unknown}
 v - a potion of degeneration {unknown}


   Skills:
 - Level 2.4 Dodging
 - Level 2.4 Stealth
 + Level 5.4 Spellcasting
 + Level 5.8 Conjurations


You had 11 spell levels left.
You knew the following spells:

 Your Spells              Type           Power      Damage    Failure   Level
a - Magic Dart            Conj           100%       1d8       1%          1
b - Searing Ray           Conj           72%        2d7       1%          2

Your spell library contained the following spells:

 Spells                   Type           Power      Damage    Failure   Level
 Dazzling Flash           Conj/Hex       42%        N/A       7%          3
 Mephitic Cloud           Conj/Pois/Air  16%        N/A       11%         3
 Poisonous Vapours        Pois/Air       12%        N/A       12%         2
 Ozocubu's Armour         Ice            6%         N/A       24%         3
 Vampiric Draining        Necr           6%         2d6       24%         3
 Fulminant Prism          Conj/Hex       10%        3d8       24%         4
 Iskenderun's Mystic Bla  Conj/Tloc      21%        2d6       24%         4
 Arcjolt                  Conj/Air       10%        1d20      54%         5
 Airstrike                Air            3%         2d(1-17)  61%         4
 Dispel Undead            Necr           6%         3d8       61%         4
 Freezing Cloud           Conj/Ice/Air   8%         6-21      69%         5
 Metabolic Englaciation   Hex/Ice        3%         N/A       91%         5
 Simulacrum               Ice/Necr       3%         N/A       100%        6


Dungeon Overview and Level Annotations

Branches:
Dungeon (4/15)
 Temple: D:4-7

Altars:
Kikubaaqudgha
Wu Jian

Annotations:
D:3 exclusion: downstairs
D:4 2 transporters, diceflayer's ghost, amateur DsFi


Message History

The gnoll is severely wounded.
The gnoll is no longer moving quickly.
The gnoll barely misses you.
The searing ray hits the gnoll.
You kill the gnoll!
The searing ray hits the gnoll.
You kill the gnoll!
You finish channelling your searing ray.
The gnoll bouda barks out a call to the hunt!
The gnoll picks up the pace!
You have reached level 5!
Casting: Searing Ray (safe; 1% risk of failure)
Confirm with . or Enter, or press ? or * to list all spells.
Aiming: Searing Ray (safe; 1% risk of failure)
Press: ? - help, Shift-Dir - straight line, f - gnoll bouda
Aim: a gnoll bouda, wielding a +2 whip of venom and wearing a +0 leather armour (moderately wounded, 83% to hit)
The searing ray hits the gnoll bouda.
The gnoll bouda is heavily wounded.
The searing ray hits the gnoll!
The gnoll is heavily wounded. (Press . to maintain the ray.)
The gnoll bouda calls upon its god to heal the gnoll.
The gnoll is healed somewhat.
Without enough magic to sustain it, your searing ray dissipates.
The gnoll bouda calls upon its god to heal the gnoll.
The gnoll's wounds heal themselves!
Your attacks no longer feel as feeble.
The gnoll completely misses you.
The gnoll bouda hits you with a +2 whip of venom!
You are poisoned.
The gnoll hits you with a +0 club.
As you read the scroll of teleportation, it crumbles to dust.
You feel strangely unstable.
You feel very sick.
The gnoll bouda gazes fiercely through you!
You feel your attacks grow feeble.
The gnoll bouda hits you with a +2 whip of venom.
You are more poisoned.
The gnoll hits you with a +0 club.
* * * LOW HITPOINT WARNING * * *
You die...

#...≈≈.## #...≈≈.8#.#
# #.#.≈≈###.........
..
#...≈≈#...###.#####.##
##..≈≈#W#.#.###.©.###.
#..≈≈#####...........
#..≈≈≈≈≈≈≈≈≈≈≈...≈≈≈≈
#..≈≈≈≈≈≈≈≈≈≈≈...≈≈≈≈
#...@.g.))...........
#....g..........†....
#####################


You could see a gnoll bouda, diceflayer's ghost and a gnoll (swift).

Vanquished Creatures
  A hound (D:4)
  3 adders
  3 gnolls (D:4)
  A worm (D:3)
  3 dart slugs
  4 endoplasms
  3 giant cockroaches
  2 goblins (D:1)
  3 hobgoblins
  6 jackals (D:3)
  2 quokkas (D:3)
  4 ball pythons
  6 bats
  2 kobolds (D:2)
  A rat (D:3)
44 creatures vanquished.

Vanquished Creatures (others)
  A bush (D:4)
  4 plants (D:4)
5 creatures vanquished.

Grand Total: 49 creatures vanquished

Notes
Turn   | Place    | Note
-------+----------+-------------------------------------------
     0 | D:1      | lorenzova the Deep Elf Conjurer began the quest for the
                  | Orb.
     0 | D:1      | Reached XP level 1. HP: 10/10 MP: 6/6
   695 | D:1      | Reached XP level 2. HP: 15/15 MP: 5/8
   698 | D:1      | Learned a level 2 spell: Searing Ray
  1336 | D:2      | Found an ancient bone altar of Kikubaaqudgha.
  1541 | D:2      | Reached skill level 5 in Conjurations
  1541 | D:2      | Reached XP level 3. HP: 19/19 MP: 6/10
  2313 | D:3      | Found an ornate altar of the Wu Jian Council.
  2669 | D:3      | Got the Vademecum on the Vapourous Charnel House
  2683 | D:3      | Reached XP level 4. HP: 24/24 MP: 9/12
  2895 | D:4      | Noticed a scorpion
  2923 | D:4      | Noticed a black bear
  3145 | D:4      | Found a transporter.
  3167 | D:4      | Identified the +5 spear of Uskayaw's Benevolence {venom,
                  | rF- rN+ Will+ Str+5}
  3449 | D:4      | Noticed diceflayer's ghost (amateur DsFi)
  3457 | D:4      | Found a transporter.
  3470 | D:4      | Reached skill level 5 in Spellcasting
  3500 | D:4      | Reached XP level 5. HP: 28/28 MP: 2/14
  3506 | D:4      | Succumbed to a gnoll bouda's poison

Illustrated notes

Levels and vault maps discovered:
D:1:      dpeg_arrival_solitude, layout_basic, serial_corexii_hall,
          corexii_hall_statues_deadend, corexii_hall_statues_t,
          corexii_hall_statues_deadend, minmay_heptomino_o4
D:2:      layout_basic, basic_altar, grunt_decor_clamped
D:3:      layout_loops_cross, nzn_wu_jian_council_hall
D:4:      layout_rooms, serial_forest, infiniplex_forest_split,
          infiniplex_forest_zigzag_2, infiniplex_forest_lined_2,
          infiniplex_forest_lined_room_2, infiniplex_forest_end_2,
          gammafunk_ghost_gnarly_gnolls

Skill      XL: |  1  2  3  4 |
---------------+-------------+-----
Spellcasting   | 4 5 |  5.4
Conjurations   | 5 |  5.8
Dodging        | |  2.4
Stealth        | |  2.4

Action                     |  1- 3 |  4- 6 || total
---------------------------+-------+-------++-------
  Melee: Unarmed           |       |    10 ||    10
   Cast: Magic Dart        |    84 |    21 ||   105
         Searing Ray       |       |     2 ||     2
    Use: Scroll            |       |     8 ||     8
 Armour: Robe              |     5 |       ||     5
  Dodge: Dodged            |     9 |     4 ||    13
